 Dungeon Sprint DCSS version 0.22-a0-863-g005b4bd (webtiles) character file.

373 Brynnhild the Carver (level 7, -2/50 HPs)
             Began as a Halfling Monk on July 27, 2018.
             Was an Elder of Cheibriados.
             Slain by a six-headed hydra (8 damage)
             ... in the Dungeon (Sprint IX: "|||||||||||||||||||||||||||||").
             The game lasted 00:01:11 (290 turns).

Brynnhild the Carver (Halfling Monk)                 Turns: 290, Time: 00:01:12

Health: -2/50      AC:  9    Str: 21    XL:     7   Next: 3%
Magic:  10/10      EV: 23    Int: 20    God:    Cheibriados [****..]
Gold:   0          SH:  0    Dex: 28    Spells: 6/6 levels left

rFire    . . .     SeeInvis .   m - +2 scimitar (flame)
rCold    . . .     Gourm    .   (shield restricted)
rNeg     . . .     Faith    .   p - +2 ring mail
rPois    .         Spirit   .   (no helmet)
rElec    .         Reflect  .   o - +0 cloak
rCorr    .         Harm     .   (no gloves)
MR       .....     NoTele   +   n - +0 pair of boots
Stlth    ++........             (no amulet)
HPRegen  0.16/turn              r - +3 ring of intelligence
MPRegen  0.12/turn              q - +2 ring of evasion

@: very slow
A: small, mutation resistance 1
a: Bend Time, Temporal Distortion, Slouch, Renounce Religion


You were in the Dungeon.
You worshipped Cheibriados.
Cheibriados was greatly pleased with you.
You were not hungry.

You visited 1 branch

Inventory:

Hand Weapons
 m - a +2 scimitar of flaming (weapon)
Armour
 n - a +0 pair of boots (worn)
 o - a +0 cloak (worn)
 p - a +2 ring mail (worn)
Jewellery
 q - a +2 ring of evasion (right hand)
 r - a +3 ring of intelligence (left hand)
Wands
 l - a wand of acid (10)
Scrolls
 i - 2 scrolls of blinking
 j - 3 scrolls of remove curse
 k - 2 scrolls of amnesia
Potions
 d - 5 potions of curing
 e - 3 potions of heal wounds
 f - a potion of haste
 g - 4 potions of magic
 h - a potion of invisibility
Comestibles
 a - 4 chunks of flesh
 c - a ration


   Skills:
 + Level 5.6 Fighting
 * Level 10.6 Long Blades
 + Level 1.5 Armour
 + Level 7.3 Dodging
 - Level 2.1 Stealth
 * Level 4.5 Invocations


You had 6 spell levels left.
You didn't know any spells.
Your spell library was empty.

Dungeon Overview and Level Annotations

Branches:
Dungeon (1/1)

Altars:
Cheibriados
Dithmenos
Elyvilon
Fedhas
Gozag
Hepliaklqana
Kikubaaqudgha
Makhleb
Nemelex Xobeh
Okawaru
Qazlal
Ru
Sif Muna
Trog
Uskayaw
Vehumet
Wu Jian
Xom
Yredelemnul
Zin
The Shining One
Beogh
Jiyva
Lugonu


Innate Abilities, Weirdness & Mutations

You are small and have problems with some larger weapons.
You are somewhat resistant to further mutation.


Message History

Unknown command.
You start resting.
Magic restored.
You start resting.
HP restored.
You open the door.
A hydra, a slime creature, a cyclops, a crimson imp, a phantom and a wight come into view.
Unknown command.
There's no one hasty visible.
Invoke Slouch anyway?
Okay, then.
The cyclops shouts!
The six-headed hydra closely misses you.
The six-headed hydra completely misses you.
The six-headed hydra bites you!
The six-headed hydra completely misses you.
The six-headed hydra barely misses you. The six-headed hydra bites you! x2
The six-headed hydra misses you. The six-headed hydra bites you!
* * * LOW HITPOINT WARNING * * *
The six-headed hydra bites you!
You die...

▓[▓
▓'▓
▓.▓
▓.▓
▓.▓
▓.▓
▓.▓
▓.▓
▓@▓
▓D▓
▓J▓
▓C▓
▓z▓
▓5▓
▓W▓
▓+▓


You could see a six-headed hydra, a slime creature (wandering), a cyclops, a
phantom (wandering), a wight and a crimson imp.

Vanquished Creatures
  A hippogriff (D)
  A crocodile (D)
  3 crimson imps (D)
  A worker ant (D)
  An adder zombie (D)
  A bat zombie (D)
  A jackal (D)
  A quokka (D)
  2 bats (D)
  A frilled lizard (D)
  A quokka zombie (D)
  2 rats (D)
16 creatures vanquished.

Notes
Turn   | Place    | Note
-------+----------+-------------------------------------------
     0 | D        | Brynnhild the Halfling Monk began the quest for the Orb.
     0 | D        | Reached XP level 1. HP: 15/15 MP: 1/1
    23 | D        | Noticed a crimson imp
    23 | D        | Noticed a worker ant
    28 | D        | Killed a crimson imp
    28 | D        | Reached skill level 5 in Long Blades
    28 | D        | Reached XP level 2. HP: 22/22 MP: 2/2
    28 | D        | Reached XP level 3. HP: 27/27 MP: 3/3
    30 | D        | Reached skill level 6 in Long Blades
    30 | D        | Reached skill level 5 in Dodging
    30 | D        | Reached XP level 4. HP: 33/33 MP: 4/4
    44 | D        | Found a roughly hewn altar of Beogh.
    44 | D        | Found a snail-covered altar of Cheibriados.
    44 | D        | Found a shadowy altar of Dithmenos.
    44 | D        | Found a white marble altar of Elyvilon.
    44 | D        | Found a blossoming altar of Fedhas.
    44 | D        | Found an opulent altar of Gozag.
    45 | D        | Found a hazy altar of Hepliaklqana.
    46 | D        | Found a viscous altar of Jiyva.
    47 | D        | Found an ancient bone altar of Kikubaaqudgha.
    48 | D        | Became a worshipper of Cheibriados the Contemplative
    48 | D        | Reached * piety under Cheibriados
    48 | D        | Reached ** piety under Cheibriados
    49 | D        | Found a corrupted altar of Lugonu.
    50 | D        | Found a burning altar of Makhleb.
    51 | D        | Found a sparkling altar of Nemelex Xobeh.
    52 | D        | Found an iron altar of Okawaru.
    53 | D        | Found a stormy altar of Qazlal.
    54 | D        | Found a sacrificial altar of Ru.
    55 | D        | Found a deep blue altar of Sif Muna.
    56 | D        | Found a bloodstained altar of Trog.
    57 | D        | Found a hide-covered altar of Uskayaw.
    58 | D        | Found a radiant altar of Vehumet.
    59 | D        | Found an ornate altar of the Wu Jian Council.
    60 | D        | Found a shimmering altar of Xom.
    61 | D        | Found a basalt altar of Yredelemnul.
    62 | D        | Found a glowing silver altar of Zin.
    63 | D        | Found a glowing golden altar of the Shining One.
   118 | D        | Noticed a hippogriff
   118 | D        | Noticed a crocodile
   122 | D        | Killed a hippogriff
   122 | D        | Reached skill level 5 in Fighting
   122 | D        | Reached skill level 9 in Long Blades
   122 | D        | Reached skill level 1 in Armour
   122 | D        | Reached XP level 5. HP: 26/39 MP: 4/7
   122 | D        | Reached XP level 6. HP: 30/45 MP: 4/8
   123 | D        | Reached *** piety under Cheibriados
   139 | D        | Reached skill level 10 in Long Blades
   142 | D        | Reached **** piety under Cheibriados
   142 | D        | Reached XP level 7. HP: 27/50 MP: 6/10
   289 | D        | Noticed a six-headed hydra
   289 | D        | Noticed a slime creature
   289 | D        | Noticed a cyclops
   290 | D        | Slain by a six-headed hydra

Vault maps used:
D:        linesprint

Skill      XL: |  1  2  3  4  5  6 |
---------------+-------------------+-----
Fighting       | 3 4 5 |  5.6
Long Blades    | 5 6 9 10 | 10.6
Dodging        | 4 5 6 7 |  7.3
Armour         | 1 |  1.5
Invocations    | 3 4 |  4.5
Stealth        | |  2.1

Action                   |  1- 3 |  4- 6 |  7- 9 || total
-------------------------+-------+-------+-------++-------
Melee: Falchion          |    18 |     8 |       ||    26
       Scimitar          |       |    19 |       ||    19
  Use: Potion            |     1 |       |       ||     1
 Stab: Sleeping          |     2 |       |       ||     2
Armor: Robe              |     3 |       |       ||     3
       Ring mail         |       |     8 |       ||     8
Dodge: Dodged            |    15 |    25 |     5 ||    45
       Rpst.: Falchion   |     4 |       |       ||     4
       Scimitar          |       |    11 |       ||    11

Table legend:
 A = Spawn XP
 B = Non-spawn XP
 C = Spawn XP percentage of total XP
 D = Spawn monster count
 E = Non-spawn monster count
 F = Spawn count percentage of total count
 G = Total turns spent on level
                    A         B        C        D         E        F      G
               +---------+---------+-------+---------+---------+-------+---------
         Total |       0 |     534 |   0.0 |       0 |      16 |   0.0 |   290
               +---------+---------+-------+---------+---------+-------+---------
             D |       0 |     534 |   0.0 |       0 |      16 |   0.0 |   290
               +---------+---------+-------+---------+---------+-------+---------
